 Dungeon Crawl Stone Soup version 0.29-a0-418-gc0181ea820 (webtiles) character file.

Game seed: 13275225117675931317

660 freelancePsychic the Ruffian (level 7, -2/70 HPs)
             Began as a Troll Wanderer on May 18, 2022.
             Was a Follower of Uskayaw.
             Succumbed to an orc warrior's poison
             ... on level 5 of the Dungeon.
             The game lasted 00:06:30 (3646 turns).

freelancePsychic the Ruffian (Troll Wanderer)       Turns: 3646, Time: 00:06:31

Health: -2/70      AC:  4    Str: 19    XL:     7   Next: 30%
Magic:  8/8        EV:  9    Int:  8    God:    Uskayaw [*.....]
Gold:   241        SH:  0    Dex: 13    Spells: 8/8 levels left

rFire   . . .      SeeInvis .     - Unarmed
rCold   . . .      Faith    .   (no shield)
rNeg    . . .      Spirit   .   c - +0 robe
rPois   .          Reflect  .   d - +0 hat
rElec   .          Harm     .   (no cloak)
rCorr   .          Rampage  .   (gloves unavailable)
Will    .....                   (boots unavailable)
Stlth   ++........              (no amulet)
HPRegen 1.01/turn               (no ring)
MPRegen 0.11/turn               (no ring)

@: lethally poisoned (-2 -> -54)
A: large, unfitting armour, claws 3, regeneration 1, shaggy fur 1, tough skin 1
a: Renounce Religion, Stomp


You were on level 5 of the Dungeon.
You worshipped Uskayaw.
Uskayaw was noncommittal.
You visited 1 branch of the dungeon, and saw 5 of its levels.

You collected 241 gold pieces.

Inventory:

Hand Weapons
 a - a +1 club
Missiles
 i - 7 poisoned darts (quivered)
 r - a throwing net
Armour
 c - a +0 robe (worn)
 d - a +0 hat (worn)
Wands
 t - a wand of iceblast (8)
Scrolls
 b - 2 scrolls of fog
 e - 2 scrolls of blinking
 g - a scroll of summoning
 l - a scroll of silence
 m - a scroll of fear
 s - a scroll of noise {unknown}
 u - a scroll of magic mapping {unknown}
 x - a scroll of teleportation {unknown}
Potions
 f - 2 potions of mutation {unknown}
 h - a potion of berserk rage {unknown}
 j - 3 potions of flight
 k - a potion of haste {unknown}
 n - 4 potions of curing {unknown}
 o - 2 potions of might {unknown}
 p - a potion of heal wounds {unknown}
 q - a potion of degeneration {unknown}
 v - a potion of lignification {unknown}
 w - a potion of cancellation {unknown}


   Skills:
 + Level 4.1 Fighting
 - Level 1.0 Dodging
 - Level 1.0 Stealth
 + Level 4.8 Unarmed Combat
 - Level 1.2 Spellcasting
 - Level 1.5 Necromancy
 - Level 2.9 Poison Magic
 + Level 2.7 Invocations


You had 8 spell levels left.
You didn't know any spells.
Your spell library contained the following spells:

 Spells                   Type           Power      Damage    Failure   Level
 Animate Skeleton         Necr           6%         N/A       21%         1
 Sting                    Tmut/Pois      8%         1d3       22%         1
 Corpse Rot               Necr/Air       2%         N/A       38%         2
 Scorch                   Fire           0%         2d5       52%         2
 Vampiric Draining        Necr           3%         2d6       52%         3
 Spider Form              Tmut/Pois      2%         N/A       54%         3
 Ozocubu's Armour         Ice            0%         N/A       75%         3
 Summon Guardian Golem    Hex/Summ       0%         N/A       75%         3
 Teleport Other           Tloc           0%         N/A       75%         3
 Olgreb's Toxic Radiance  Pois           5%         N/A       75%         4
 Dispel Undead            Necr           3%         3d7       90%         4
 Flame Wave               Conj/Fire      0%         2d4       98%         4
 Leda's Liquefaction      Hex/Erth       0%         N/A       98%         4
 Lee's Rapid Deconstruct  Erth           0%         3d5*      100%        5
 Death Channel            Necr           1%         N/A       100%        6
 Eringya's Noxious Bog    Tmut/Pois      1%         N/A       100%        6
 Statue Form              Tmut/Erth      0%         N/A       100%        6
 Summon Cactus Giant      Summ           0%         N/A       100%        6
 Orb of Destruction       Conj           0%         9d5       100%        7
 Ozocubu's Refrigeration  Ice            0%         4d5       100%        7
 Spellforged Servitor     Conj/Summ      0%         N/A       100%        7


Dungeon Overview and Level Annotations

Branches:
Dungeon (5/15)
 Temple: D:4-7

Altars:
Fedhas
Uskayaw
Zin


Innate Abilities, Weirdness & Mutations

You are too large for most types of armour.
You have claws for hands.
Your natural rate of healing is unusually fast.
You are covered in fur. (AC +1)
You have tough skin. (AC +1)


Message History

No target in view!
No target in view!
No target in view!
No target in view!
No target in view!
Things that are here:
a +0 short sword; an orc corpse An orc comes into view.
It is wielding a +0 whip.
An orc warrior comes into view. It is wielding a +0 glaive of venom.
There are monsters nearby!
An orc priest, an orc wizard and an orc come into view.
The orc is wielding a +1 falchion of freezing.
The orc priest shouts!
The orc wizard shouts!
The orc warrior shouts!
The orc shouts!
The orc throws a stone.
The stone hits you but does no damage.
An orc comes into view. It is wielding a +0 flail.
The orc shouts!
You claw the orc!
You kill the orc!
The orc warrior hits you from afar with a +0 glaive of venom!
You are poisoned.
Things that are here:
a +0 whip; 13 gold pieces; an orc corpse You feel very sick.
The orc warrior closely misses you.
You scratch the orc warrior but do no damage.
You feel very sick.
The orc warrior hits you with a +0 glaive of venom!!
You are lethally poisoned!
You claw the orc warrior!
The orc warrior is heavily wounded.
* * * LOW HITPOINT WARNING * * *
You feel extremely sick.
The orc warrior hits you with a +0 glaive of venom!
* * * LOW HITPOINT WARNING * * *
You are more poisoned.
Blink to where?
Press: ? - help, Dir - move target
As you read the scroll of blinking, it crumbles to dust.
You die...

...#... #####.......
#......### #...#.......
#......##..#...#.......
##......##?.#._.'.......
#.......##?.#...#.......
.......# #...#.......
#....### #####.......
... #......### #.......
.. #...@#...#####.....#.
#..
#...###............#.
#..
#.).#................
#.oo
##......#.............


oo# ##.......##.##......... #o##.#.....###.........<..
#ยง)##.....###...........# #####.................... ....##...............#
There were no monsters in sight!

Vanquished Creatures
  Menkaure (D:5)
  A phantom (D:5)
  A scorpion (D:5)
  2 hounds (D:5)
  2 iguanas (D:5)
  Ijyb (D:5)
  3 orc wizards
  Robin (D:2)
  8 adders
  3 worms
  A dart slug (D:3)
  16 orcs
  7 bats
  11 endoplasms
  A giant cockroach (D:3)
  13 goblins
  5 hobgoblins
  6 kobolds
  5 quokkas
  4 ball pythons
  6 rats
98 creatures vanquished.

Notes
Turn   | Place    | Note
-------+----------+-------------------------------------------
     0 | D:1      | freelancePsychic the Troll Wanderer began the quest for the
                  | Orb.
     0 | D:1      | freelancePsychic set off with the following items: a +0
                  | club, a scroll of fog, a +0 robe, a +0 hat; and the
                  | following spells available to memorise: Animate Skeleton,
                  | Sting, Vampiric Draining, Spider Form, Olgreb's Toxic
                  | Radiance
     0 | D:1      | Reached XP level 1. HP: 16/16 MP: 1/1
    32 | D:1      | Got Qeeps's Volume of Toxic Orientation
   101 | D:1      | Reached skill level 1 in Fighting
   121 | D:1      | Reached XP level 2. HP: 22/27 MP: 2/2
   186 | D:1      | Reached skill level 1 in Unarmed Combat
   615 | D:2      | Found a faded altar of an unknown god.
   627 | D:2      | Reached XP level 3. HP: 33/33 MP: 3/3
   769 | D:2      | Noticed Robin
   781 | D:2      | Killed Robin
   791 | D:2      | Reached XP level 4. HP: 35/42 MP: 4/4
  2111 | D:3      | Reached XP level 5. HP: 50/50 MP: 5/5
  2863 | D:4      | Found a hide-covered altar of Uskayaw.
  2870 | D:4      | Noticed an ice beast
  2889 | D:4      | Became a worshipper of Uskayaw the Reveller
  2905 | D:5      | Entered Level 5 of the Dungeon
  2921 | D:5      | Reached * piety under Uskayaw
  2984 | D:5      | Reached ** piety under Uskayaw
  3000 | D:5      | Noticed a phantom
  3013 | D:5      | Killed a phantom
  3013 | D:5      | Reached *** piety under Uskayaw
  3014 | D:5      | Reached skill level 1 in Invocations
  3014 | D:5      | Reached XP level 6. HP: 32/61 MP: 6/6
  3016 | D:5      | Reached **** piety under Uskayaw
  3092 | D:5      | Found a glowing silver altar of Zin.
  3165 | D:5      | Found a blossoming altar of Fedhas.
  3175 | D:5      | Noticed Ijyb
  3189 | D:5      | Killed Ijyb
  3288 | D:5      | Noticed Menkaure
  3298 | D:5      | Killed Menkaure
  3299 | D:5      | Reached XP level 7. HP: 38/70 MP: 7/7
  3646 | D:5      | Succumbed to an orc warrior's poison

Illustrated notes

Levels and vault maps discovered:
D:1:      dpeg_arrival_orchard, layout_rooms
D:2:      layout_basic, serial_glass, glass_columns_a, glass_columns_a,
          item_on_display_a, due_unseen_surprise, minmay_strange_pillars,
          feat_on_display, hellmonk_ecumenical_altar_crossroads, uniq_robin
D:3:      layout_loops_corners
D:4:      layout_rooms, old_standard_altar, patterned_corridor
D:5:      layout_cave_pools, zin_scriptorium, fedhas_altar_2,
          minmay_crystal_water, guppyfry_early_orc_mine, uniq_menkaure,
          uniq_ijyb

Skill      XL: |  1  2  3  4  5  6 |
---------------+-------------------+-----
Fighting       | 1 2 3 4 |  4.1
Unarmed Combat | 1 2 3 4 |  4.8
Invocations    | 1 2 |  2.7
Dodging        | |  1.0
Stealth        | |  1.0
Spellcasting   | |  1.2
Necromancy     | |  1.5
Poison Magic   | |  2.9

Action                   |  1- 3 |  4- 6 |  7- 9 || total
-------------------------+-------+-------+-------++-------
Melee: Unarmed           |    86 |   189 |    15 ||   290
       Club              |     4 |       |       ||     4
       Punch             |     1 |     6 |       ||     7
  Use: Scroll            |       |     6 |     1 ||     7
 Stab: Sleeping          |     2 |     1 |       ||     3
       Paralysed         |       |     3 |       ||     3
Armor: Robe              |    41 |    60 |     5 ||   106
Dodge: Dodged            |    31 |    86 |     9 ||   126

Table legend: (Time is in decaauts)
 A = Elapsed time spent in this place.
 B = Non-inter-level travel time spent in this place.
 C = Inter-level travel time spent in this place.
 D = Time resting spent in this place.
 E = Time spent auto-exploring this place.
 F = Levels seen in this place.
 G = Mean time per level.
                   A        B        C        D        E       F      G
               +--------+--------+--------+--------+--------+-----+--------+
         Total |   3632 |   3470 |    162 |     26 |   2749 |   5 |  726.4 |
       Dungeon |   3632 |   3470 |    162 |     26 |   2749 |   5 |  726.4 |
               +--------+--------+--------+--------+--------+-----+--------+

Top non-repeatable levels by time:
     D:2: 1265 daAuts
     D:3: 912 daAuts
     D:5: 735 daAuts
     D:1: 503 daAuts
     D:4: 215 daAuts
